 Dungeon Crawl Stone Soup version 0.16-a0-3210-ge5ae1c3 (webtiles) character file.

863 Pikaro the Destroyer (level 7, -3/36 HPs)
             Began as a Deep Elf Conjurer on Dec 19, 2014.
             Slain by a gnoll
             ... wielding a +0 spear
              (10 damage)
             ... on level 5 of the Dungeon.
             The game lasted 00:13:21 (7215 turns).

Pikaro the Destroyer (Deep Elf Conjurer)            Turns: 7215, Time: 00:13:22

Health: -3/36      AC:  3    Str:  2    XL:     7   Next: 72%
Magic:  11/20      EV: 10    Int: 24    God:
Gold:   260        SH:  4    Dex: 17    Spells: 3 memorised, 2 levels left

rFire  . . .     SeeInvis .     f - +4 dagger (flame)
rCold  . . .     Clarity  .     k - +0 leather armour
rNeg   . . .     SustAb   .     m - +0 buckler
rPois  .         Gourm    .     (no helmet)
rElec  .         Spirit   .     (no cloak)
rCorr  .         Warding  .     (no gloves)
rMut   .         Stasis   .     (no boots)
MR     .....                    (no amulet)
Stlth  ++........               i - -3 ring of strength (curse)
                                p - ring of teleport control {cTele, !d}

@: not resistant to hostile enchantments, unstealthy
A: talons 1, agile 1, blink 1, clever 1
a: Blink, Evoke Teleport Control


You were on level 5 of the Dungeon.
You were not hungry.

You visited 2 branches of the dungeon, and saw 6 of its levels.

You collected 260 gold pieces.

Inventory:

Hand weapons
 f - a +4 dagger of flaming (weapon)
   (You found it on level 1 of the Dungeon)
Armour
 a - a +0 robe
 k - a +0 leather armour (worn)
   (You found it on level 1 of the Dungeon)
 m - a +0 buckler (worn)
   (You found it on level 2 of the Dungeon)
Jewellery
 g - an uncursed ring of sustain abilities {sustAb}
   (You took it off a kobold on level 1 of the Dungeon)
 h - a +2 ring of dexterity
   (You found it on level 1 of the Dungeon)
 i - a cursed -3 ring of strength (right hand)
   (You found it on level 1 of the Dungeon)
 p - a ring of teleport control (left hand) {cTele, !d}
   (You found it on level 3 of the Dungeon)
Magical devices
 q - a wand of polymorph (14)
   (You found it on level 4 of the Dungeon)
 u - a wand of slowing (34)
   (You took it off a kobold on level 4 of the Dungeon)
Scrolls
 n - a scroll of identify
 o - 3 scrolls of fog
 s - a scroll of teleportation
 t - a scroll of enchant weapon
 v - a scroll of amnesia
Potions
 e - a potion of agility
 w - a potion of brilliance
 z - a potion of poison {unknown}
Books
 c - a book of Conjurations
Comestibles
 b - 6 bread rations {@e1}
 d - 2 beef jerkies
 j - a slice of pizza
 l - a royal jelly
 r - 2 meat rations {@e2}
 x - 10 chunks of flesh {@w0}


   Skills:
 - Level 2.4 Dodging
 - Level 2.4 Stealth
 - Level 1.0 Shields
 - Level 3.0 Spellcasting
 + Level 10.3 Conjurations


You had 2 spell levels left.
You knew the following spells:

 Your Spells              Type           Power        Failure   Level  Hunger
a - Magic Dart            Conj           ####         1%          1    None
b - Iskenderun's Mystic   Conj           ######..     6%          4    ####...
t - Iskenderun's Battles  Conj/Chrm      ####....     95%         5    ######.


Dungeon Overview and Level Annotations

Branches:
Dungeon (5/15)             Temple (1/1) D:5

Altars:
Ashenzari
Cheibriados
Elyvilon
Fedhas
Kikubaaqudgha
Makhleb
Nemelex Xobeh
Qazlal
Ru
Sif Muna
Trog
Xom
Yredelemnul
Zin


Innate Abilities, Weirdness & Mutations

You have sharp toenails.
You are agile. (Dex +2)
You can translocate small distances at will.
Your mind is acute. (Int +2)


Message History

You take 2 damage, and have 32/36 hp.
You now have 8/20 mp.
The magic dart hits the goblin.
You kill the goblin!
You now have 7/20 mp.
The magic dart hits the goblin.
The goblin barely misses you.
You now have 6/20 mp.
The magic dart hits the goblin.
You kill the goblin!
You now have 5/20 mp.
You start resting.
Some of the chunks of flesh in your inventory have rotted away.
Health restored: 36; MP restored: 20
Items here: )) †† a club x2 a goblin corpse; a hobgoblin corpse You butcher the hobgoblin corpse.
x - 4 chunks of flesh {@w0} (gained 3)
Items here: )) ÷ † a club x2 a goblin corpse; a hobgoblin skeleton You butcher the goblin corpse.
x - 5 chunks of flesh {@w0} (gained 1)
Things that are here:
a club x2 a hobgoblin skeleton
There is an open door, spattered with blood here.
Items here: ))))) †† You butcher the goblin corpse.
x - 7 chunks of flesh {@w0} (gained 2)
There is an open door, spattered with blood here.
Items here: ))))) † a club x5 a hobgoblin corpse You butcher the hobgoblin corpse.
x - 10 chunks of flesh {@w0} (gained 3)
There is an open door, spattered with blood here.
Items here: ))))) ÷ a club x5 a hobgoblin skeleton
There is an open door, spattered with blood here.
Items here: ))))) ÷ a club x5 a hobgoblin skeleton
Things that are here:
a club x2 a hobgoblin skeleton You open the door. 4 goblins, a hobgoblin and 3 gnolls come into view.
The goblin shouts!
Warning x3: The gnoll (wandering) can hit for moderate damage in melee, and throws nets! x3
The magic dart hits the gnoll.
You now have 19/20 mp.
Warning x3: The gnoll can hit for moderate damage in melee, and throws nets! x3
The magic dart hits the goblin.
You kill the goblin!
The magic dart hits the gnoll.
You kill the gnoll!
The magic dart hits the hobgoblin.
You kill the hobgoblin!
The gnoll hits you from afar with a spear.
You take 3 damage, and have 33/36 hp.
You now have 16/20 mp.
Warning x2: The gnoll can hit for moderate damage in melee, and throws nets! x2
The magic dart hits the gnoll.
You block the gnoll's attack. The gnoll closely misses you.
You now have 15/20 mp.
The magic dart hits the gnoll.
The gnoll hits you from afar with a spear.
The gnoll barely misses you.
You take 5 damage, and have 28/36 hp.
Warning x2: The gnoll can hit for moderate damage in melee, and throws nets! x2
The magic dart hits the gnoll.
The gnoll hits you from afar with a spear.
The gnoll hits you with a club.
You take 7 damage, and have 21/36 hp.
You now have 14/20 mp.
The magic dart hits the gnoll.
You kill the gnoll!
The gnoll barely misses you.
You now have 13/20 mp.
Spoiler Alert: The gnoll can hit for moderate damage in melee, and throws nets!
The magic dart hits the goblin.
The gnoll closely misses you.
You now have 12/20 mp.
The magic dart hits the goblin.
You kill the goblin!
The gnoll hits you from afar with a spear!
You take 8 damage, and have 13/36 hp.
MASSIVE DAMAGE!!
You now have 11/20 mp.
Spoiler Alert: The gnoll can hit for moderate damage in melee, and throws nets!
The magic dart hits the goblin.
The goblin hits you with a club.
The gnoll hits you from afar with a spear.
* * * LOW HITPOINT WARNING * * *
You take 7 damage, and have 6/36 hp.
You now have 10/20 mp.
You are too injured to fight recklessly!
Drink which item? (? for menu, Esc to quit)
Okay, then.
Spoiler Alert: The gnoll can hit for moderate damage in melee, and throws nets!
You block the goblin's attack. You block the goblin's attack.
The gnoll hits you from afar with a spear!
You die...

≈≈≈≈≈≈≈≈≈≈≈≈≈≈≈≈≈≈
≈≈≈≈≈≈≈≈ ≈≈≈ ≈≈≈
##### ######
########...# .....##
##......#...#
).....###.....).#...#
.......#........##)##
.......#(.........)#
.......'........@g.#
..)....#.....†...g.#
.))....#........##g#
..)...###.......#...#
.....## ##......#...#
###### ########...#
#####


You could see a gnoll and 2 goblins.

Vanquished Creatures
  A phantom (D:4)
  A sky beast (D:5)
  An ogre (D:5)
  A centaur skeleton (D:5)
  3 hounds
  A gnoll shaman (D:4)
  An orc wizard (D:4)
  4 worker ants
  7 adders
  11 gnolls
  3 giant mites
  3 worms
  5 giant geckos
  3 oozes
  5 orcs
  3 ball pythons
  16 bats
  6 giant cockroaches
  17 hobgoblins
  10 kobolds
  7 quokkas
  4 giant newts (D:1)
  26 goblins
  A quokka zombie (D:5)
  10 rats
150 creatures vanquished.

Notes
Turn   | Place    | Note
--------------------------------------------------------------
     0 | D:1      | Pikaro, the Deep Elf Conjurer, began the quest for the Orb.
     0 | D:1      | Reached XP level 1. HP: 10/10 MP: 5/5
   337 | D:1      | Reached XP level 2. HP: 15/15 MP: 3/8
   381 | D:1      | Reached skill level 5 in Conjurations
  1050 | D:1      | Reached XP level 3. HP: 19/19 MP: 8/10
  1898 | D:2      | Found a sacrificial altar of Ru.
  1987 | D:2      | Reached skill level 6 in Conjurations
  2099 | D:2      | Reached XP level 4. HP: 24/24 MP: 11/13
  2122 | D:2      | Learned a level 4 spell: Iskenderun's Mystic Blast
  2491 | D:2      | Found a sacrificial altar of Ru.
  2683 | D:2      | Reached skill level 1 in Shields
  3381 | D:3      | Found a burning altar of Makhleb.
  3672 | D:3      | Found a burning altar of Makhleb.
  3680 | D:3      | Reached XP level 5. HP: 28/28 MP: 14/16
  4142 | D:3      | Reached skill level 7 in Conjurations
  4307 | D:4      | Gained mutation: You have sharp toenails. [potion of beneficial mutation]
  4376 | D:4      | HP: 7/28 [worker ant (7)]
  4766 | D:4      | Reached XP level 6. HP: 32/32 MP: 13/18
  4827 | D:4      | Reached skill level 8 in Conjurations
  5338 | D:4      | Gained mutation: You are agile. (Dex +2) [potion of beneficial mutation]
  5342 | D:4      | Noticed a phantom
  5354 | D:4      | Killed a phantom
  5519 | D:4      | Found a bloodstained altar of Trog.
  5541 | D:4      | Reached skill level 9 in Conjurations
  5764 | D:4      | Reached XP level 7. HP: 36/36 MP: 8/20
  6181 | D:4      | Found a bloodstained altar of Trog.
  6226 | D:5      | Entered Level 5 of the Dungeon
  6353 | D:5      | Gained mutation: Your mind is acute. (Int +2) [mutagenic meat]
  6354 | D:5      | Gained mutation: You can translocate small distances at will. [mutagenic meat]
  6466 | D:5      | Found a staircase to the Ecumenical Temple.
  6473 | D:5      | Reached skill level 10 in Conjurations
  6501 | Temple   | Entered the Ecumenical Temple
  6821 | D:5      | Learned a level 5 spell: Iskenderun's Battlesphere
  7213 | D:5      | HP: 6/36 [gnoll/spear (5)]
  7215 | D:5      | Slain by a gnoll

Action                   |  1- 3 |  4- 6 |  7- 9 || total
-------------------------+-------+-------+-------++-------
Melee: Dagger            |       |     3 |       ||     3
 Cast: Magic Dart        |    73 |   161 |    88 ||   322
       Iskenderun's Myst |       |    11 |     7 ||    18
 Abil: Blink             |       |       |     2 ||     2
       Evoke Teleport Co |       |       |     1 ||     1
  Use: Potion            |     3 |     3 |       ||     6
       Scroll            |     3 |     4 |       ||     7
  Eat: Chunk             |     3 |    10 |     7 ||    20
       Bread ration      |       |     1 |       ||     1

Vault maps used:
D:1:      dpeg_arrival_rooms_c
D:2:      lemuel_round_altar
D:3:      lemuel_round_altar, grunt_ministairs_3, minmay_surrounded
D:4:      trog_three_pillars_becter
D:5:      minmay_goblin_kobold_castle, nicolae_overflow_hidden_temple,
          temple_pool_a, first_bread
Temple:   circular_temple_12

Table legend:
 A = Turns spent in this place as a percentage of turns spent in the entire game.
 B = Non-inter-level travel turns spent in this place as a percentage of non-inter-level travel turns spent in the entire game.
 C = Inter-level travel turns spent in this place as a percentage of turns spent in this place.
 D = Turns resting spent in this place as a percentage of non-inter-level travel turns spent in this place.
 E = Turns spent auto-exploring this place as a percentage of non-inter-level travel turns spent in this place.
 F = Non-inter-level travel turns spent in this place divided by the number of levels of this place that you've seen.
                   A       B       C       D       E      F
               +-------+-------+-------+-------+-------+----------------------
         Total | 100.0 | 100.0 |   0.5 |  19.1 |  15.3 | 197.8
       Dungeon |  97.8 |  97.9 |   0.4 |  19.5 |  14.6 | 232.4
        Temple |   2.2 |   2.1 |   3.8 |   0.0 |  48.0 |  25.0
               +-------+-------+-------+-------+-------+----------------------

Table legend:
 A = Kills in this place as a percentage of kills in entire the game.
 B = Kills by you in this place as a percentage of kills by you in the entire game.
 C = Kills by friends in this place as a percentage of kills by friends in the entire game.
 D = Other kills in this place as a percentage of other kills in the entire game.
 E = Experience gained in this place as a percentage of experience gained in the entire game.
 F = Experience gained in this place divided by the number of levels of this place that you have seen.
                   A       B       C       D       E      F
               +-------+-------+-------+-------+-------+----------------------
         Total | 100.0 | 100.0 |  -nan |  -nan | 100.0 | 205.5
       Dungeon | 100.0 | 100.0 |  -nan |  -nan | 100.0 | 246.6
               +-------+-------+-------+-------+-------+----------------------
